Map: Lerilak Crest

Players

EverZtelecoM (telecom) - Winner!

  • Race: Zerg Zerg
  • League: Platinum

kdt

  • Race: Protoss Protoss
  • League: Platinum

VOD

https://www.youtube.com/watch?v=dl5TaBAuKs4

Description

Time

  • Played on: Sept. 27, 2015, 1:59 a.m.
  • Length: 20:25
Show
View Real Time Build Order
Export as new Build Order

EverZtelecoM Zerg - Winner!

Build Orders: Hatch First, Lurkers, Swarm Host 

Get SALT Encoding   

  12  0:01  Drone  
  13  0:08  Drone  
  14  0:16  Overlord  
  14  0:22  Extractor  
  14  0:23  Drone  
  15  0:34  Drone x2  
  17  0:44  Drone  
  18  0:56  Hatchery  
  17  0:59  Drone  
  18  1:05  Extractor  
  17  1:14  Spawning Pool  
  17  1:17  Drone  
  17  1:20  Drone  
  18  1:27  Drone  
  19  1:37  Drone  
  20  1:48  Overlord  
  20  2:04  Queen  
  20  2:08  Zergling x2  
  23  2:09  Queen  
  23  2:11  Drone x2  
  27  2:15  Metabolic Boost  
  27  2:21  Drone x2  
  29  2:30  Drone  
  29  2:31  Drone  
  31  2:40  Overlord  
  31  2:42  Drone  
  33  2:51  Drone  
  33  2:53  Drone  
  34  3:02  Drone  
  34  3:03  Drone  
  35  3:08  Roach Warren  
  34  3:17  Zergling x6  
  38  3:20  Drone  
  38  3:21  Hatchery  
  38  3:22  Zergling x4  
  38  3:23  Zergling x2  
  38  3:25  Drone  
  38  3:26  Drone  
  42  3:30  Drone  
  42  3:32  Drone  
  42  3:34  Overlord  
  42  3:53  Zergling x6  
  42  3:54  Drone x5  
  50  4:06  Drone x2  
  50  4:07  Overlord x2  
  52  4:11  Extractor  
  52  4:12  Spore Crawler, Extractor  
  52  4:14  Spore Crawler  
  45  4:34  Drone x3, Queen  
  45  4:35  Drone x2  
  45  4:36  Drone  
  52  4:40  Drone x2  
  52  4:42  Drone  
  55  4:46  Drone x4  
  55  4:51  Drone  
  60  4:55  Hatchery, Drone x2  
  60  4:56  Drone  
  60  4:59  Drone  
  63  5:02  Overlord  
  63  5:05  Spore Crawler  
  63  5:06  Drone  
  63  5:07  Roach  
  63  5:08  Roach  
  63  5:12  Evolution Chamber  
  66  5:16  Zergling x4  
  66  5:17  Overlord  
  66  5:18  Drone  
  66  5:19  Evolution Chamber  
  68  5:23  Burrow  
  68  5:26  Roach  
  68  5:27  Drone  
  70  5:30  Lair  
  70  5:33  Drone x4  
  70  5:34  Drone  
  75  5:38  Zerg Missile Weapons Level 1  
  75  5:44  Overlord  
  75  5:46  Extractor  
  75  5:47  Extractor  
  75  5:49  Zerg Ground Armor Level 1  
  73  5:52  Drone x3  
  73  5:53  Drone, Extractor  
  73  5:56  Overlord  
  76  5:58  Drone x2  
  76  5:59  Drone  
  76  6:01  Roach  
  76  6:02  Roach  
  76  6:03  Overlord  
  83  6:06  Roach  
  83  6:08  Roach  
  87  6:11  Zergling x2  
  87  6:16  Zergling x2  
  89  6:20  Drone  
  89  6:21  Overlord  
  89  6:22  Overlord  
  89  6:23  Drone  
  90  6:33  Glial Reconstitution  
  90  6:34  Hydralisk Den  
  90  6:35  Zergling x2  
  90  6:39  Overseer  
  90  6:43  Zergling x4  
  90  6:44  Roach x4  
  90  6:45  Overlord x2, Roach  
  102  6:50  Pneumatized Carapace  
  102  6:53  Zergling x2  
  102  6:54  Zergling x2  
  104  6:55  Queen  
  104  6:56  Infestation Pit  
  104  6:57  Drone x2  
  104  6:58  Drone x4  
  104  6:59  Overlord x2  
  104  7:00  Overlord  
  111  7:05  Hydralisk, Muscular Augments  
  113  7:11  Hydralisk  
  113  7:12  Hydralisk x2  
  113  7:14  Hydralisk  
  121  7:19  Spore Crawler  
  121  7:20  Drone x2  
  121  7:23  Drone x2  
  123  7:32  Queen  
  127  7:39  Queen  
  127  7:40  Hive  
  127  7:41  Zergling x2  
  127  7:42  Drone x3  
  131  7:47  Zergling x2, Extractor x2  
  131  7:48  Zergling x8  
  131  7:51  Drone  
  135  7:54  Roach x2  
  135  7:55  Zerg Ground Armor Level 2, Zerg Missile Weapons Level 2  
  139  7:59  Evolution Chamber, Zergling x2  
  139  8:00  Drone x2  
  139  8:05  Lurker Den, Zergling x2  
  142  8:13  Zergling x2  
  142  8:16  Zergling x2  
  142  8:19  Hydralisk  
  146  8:29  Zergling x4  
  146  8:30  Drone x3  
  151  8:37  Zergling x2  
  152  8:42  Zerg Melee Weapons Level 1  
  152  8:44  Zergling x2  
  152  8:47  Swarm Host x2  
  164  8:55  Zergling x2  
  168  9:02  Overlord x3  
  168  9:03  Overlord x2  
  168  9:05  Hatchery  
  164  9:20  Zergling x12  
  164  9:21  Zergling x4  
  164  9:22  Swarm Host x3  
  171  9:31  Lurker x2  
  170  9:34  Lurker x4  
  175  9:38  Spine Crawler  
  175  9:39  Spine Crawler  
  175  9:40  Drone  
  175  9:44  Overlord x2  
  172  10:16  Hydralisk x2  
  172  10:17  Hydralisk  
  172  10:19  Swarm Host x4  
  172  10:20  Swarm Host x2  
  197  10:36  Spine Crawler  
  197  10:37  Spine Crawler  
  197  10:39  Queen  
  197  10:45  Overseer x3  
  197  10:46  Overseer  
  190  11:08  Zerg Ground Armor Level 3, Zerg Missile Weapons Level 3  
  190  11:09  Zerg Melee Weapons Level 2  
  186  11:14  Zergling x2  
  186  11:15  Zergling x6  
  186  11:17  Roach  
  192  11:20  Zergling x4  
  192  11:21  Zergling x4  
  192  11:22  Lurker  
  197  11:42  Zergling x14  
  176  11:53  Swarm Host x3  
  185  11:55  Swarm Host x5  
  200  12:32  Ultralisk Cavern  
  186  13:00  Zergling x4  
  188  13:13  Zergling x2  
  189  13:24  Swarm Host x3  
  189  13:26  Zergling x4  
  180  13:45  Lurker  
  165  14:14  Ultralisk x4  
  165  14:15  Chitinous Plating  
  189  14:17  Zergling x4  
  189  14:18  Zerg Melee Weapons Level 3  
  191  14:35  Hatchery  
  190  14:46  Hatchery, Overlord x3  
  190  14:48  Hatchery  
  190  14:49  Overseer x3  
  188  15:34  Ultralisk  
  194  15:35  Zergling x2  
  194  15:36  Zergling x8  
  199  15:48  Overlord  
  199  15:50  Hatchery  
  199  15:56  Hatchery  
  195  16:04  Hatchery  
  179  16:30  Hydralisk x5  
  179  16:31  Hydralisk x5  
  173  17:19  Hydralisk x6  
  173  17:21  Hydralisk x9  
  199  17:26  Spire  
  198  18:29  Zergling x2  
  198  18:39  Spore Crawler  
  198  18:40  Spore Crawler  
  194  18:41  Spore Crawler  
  194  18:46  Drone x2  
  194  18:47  Drone x2  
  194  18:48  Drone  
  192  19:10  Corruptor x3  
  168  19:48  Corruptor x8  
  168  19:49  Corruptor x6  
  168  19:50  Corruptor x2  
Show
View Real Time Build Order
Export as new Build Order

kdt Protoss 

Build Orders:  

Get SALT Encoding   

  12  0:00  Probe (Chrono Boost)  
  13  0:10  Probe (Chrono Boost)  
  14  0:18  Pylon  
  14  0:21  Probe (Chrono Boost)  
  15  0:36  Probe (Chrono Boost)  
  16  0:45  Gateway, Probe (Chrono Boost)  
  17  0:55  Probe (Chrono Boost)  
  18  1:00  Assimilator  
  18  1:05  Probe (Chrono Boost)  
  18  1:08  Pylon  
  19  1:15  Probe (Chrono Boost)  
  20  1:25  Probe (Chrono Boost)  
  21  1:35  Probe (Chrono Boost)  
  21  1:37  Cybernetics Core  
  22  1:45  Probe (Chrono Boost)  
  23  1:48  Gateway  
  23  1:55  Probe (Chrono Boost)  
  24  2:06  Probe (Chrono Boost)  
  25  2:10  Assimilator  
  25  2:19  Warp Gate (Chrono Boost)  
  25  2:20  Adept (Chrono Boost)  
  25  2:22  Nexus  
  27  2:27  Probe (Chrono Boost)  
  28  2:33  Adept (Chrono Boost)  
  30  2:38  Probe  
  31  2:48  Pylon  
  30  2:54  Probe  
  31  3:07  Robotics Facility  
  31  3:10  Forge  
  31  3:13  Pylon  
  31  3:14  Probe  
  32  3:26  Probe  
  33  3:28  Gateway  
  33  3:31  Probe  
  33  3:32  Pylon  
  34  3:49  Mothership Core  
  34  3:50  Probe  
  34  3:53  Photon Cannon  
  35  4:07  Pylon  
  33  4:19  Probe  
  33  4:21  Probe  
  34  4:24  Pylon  
  34  4:29  Probe  
  34  4:33  Probe  
  34  4:35  Pylon  
  34  4:36  Observer  
  36  4:39  Probe  
  36  4:42  Twilight Council  
  36  4:45  Probe, Protoss Ground Weapons Level 1  
  38  4:49  Probe  
  38  4:52  Assimilator  
  39  4:56  Gateway  
  39  4:57  Probe, Assimilator  
  39  4:58  Probe  
  40  5:04  Immortal  
  45  5:08  Probe  
  45  5:09  Probe  
  47  5:18  Probe  
  47  5:19  Sentry x3  
  54  5:21  Probe  
  55  5:28  Probe  
  55  5:33  Probe  
  57  5:37  Blink  
  57  5:38  Probe  
  58  5:44  Zealot x2  
  58  5:45  Stalker  
  58  5:48  Probe  
  64  5:50  Probe  
  66  5:58  Pylon  
  66  6:01  Observer  
  66  6:02  Probe  
  67  6:13  Probe  
  67  6:15  Probe  
  69  6:19  Photon Cannon  
  69  6:22  Pylon  
  69  6:23  Immortal  
  73  6:27  Sentry, Stalker, Probe  
  73  6:29  Probe  
  79  6:34  Nexus  
  79  6:37  Pylon  
  79  6:43  Robotics Bay  
  79  6:46  Protoss Ground Weapons Level 2 (Chrono Boost)  
  79  6:49  Pylon  
  79  7:01  Stalker x2  
  83  7:21  Probe  
  83  7:23  Probe  
  83  7:27  Pylon  
  83  7:28  Gateway  
  85  7:30  Gateway  
  85  7:32  Stalker x2  
  85  7:36  Colossus (Chrono Boost), Photon Cannon  
  89  7:41  Gateway  
  95  7:47  Stalker  
  97  7:51  Assimilator  
  97  7:54  Assimilator  
  97  7:55  Probe  
  97  7:57  Probe  
  99  8:04  Probe  
  99  8:05  Probe  
  101  8:15  Colossus (Chrono Boost)  
  101  8:17  Probe  
  101  8:18  Probe  
  101  8:19  Probe  
  104  8:22  Extended Thermal Lance  
  110  8:32  Probe x2  
  112  8:35  Pylon  
  112  8:38  Gateway  
  112  8:54  Nexus  
  112  8:58  Pylon  
  112  9:01  Zealot  
  114  9:03  Pylon  
  114  9:04  Pylon  
  114  9:05  Observer  
  115  9:11  Templar Archives  
  115  9:14  Pylon  
  114  9:26  Stalker x3  
  114  9:29  Probe x2, Colossus  
  122  9:37  Protoss Ground Weapons Level 3 (Chrono Boost)  
  122  9:39  Nexus  
  122  9:42  Photon Cannon  
  122  9:43  Gateway x2  
  128  9:52  Charge  
  126  10:13  Colossus  
  132  10:31  Probe x2  
  134  10:38  Pylon  
  134  10:39  Photon Cannon  
  134  10:41  Photon Cannon  
  134  10:42  Pylon  
  134  10:44  Zealot  
  134  10:48  Probe x2  
  138  10:50  Zealot x2  
  138  10:51  Zealot x2  
  138  10:54  Zealot x2  
  138  10:55  Photon Cannon  
  148  11:04  Probe  
  148  11:05  Probe  
  148  11:08  Photon Cannon  
  148  11:09  Assimilator  
  150  11:11  Stargate  
  150  11:12  Assimilator  
  150  11:13  Stargate  
  150  11:15  Stargate  
  150  11:16  Psionic Storm  
  150  11:20  Dark Shrine  
  150  11:25  Gateway  
  150  11:27  Gateway  
  150  11:35  Zealot  
  148  11:50  Nexus  
  148  12:20  Nexus  
  148  12:26  Fleet Beacon  
  132  13:03  Zealot x2  
  132  13:13  Stalker x2  
  132  13:14  Stalker x2  
  140  13:26  Carrier x2  
  138  13:27  Carrier  
  138  13:29  Zealot x2  
  138  13:30  Zealot x3  
  150  13:50  Graviton Catapult  
  153  14:08  Photon Cannon  
  153  14:10  Photon Cannon  
  153  14:11  Probe x2  
  149  14:23  Probe  
  147  14:25  Probe x2  
  150  14:32  Protoss Shields Level 1 (Chrono Boost)  
  150  14:34  Protoss Air Weapons Level 1  
  150  14:38  High Templar x2  
  150  14:39  High Templar x2  
  150  14:40  Carrier x2  
  150  14:41  Carrier  
  158  14:53  Zealot x2  
  179  15:07  Pylon  
  170  15:33  Nexus  
  170  15:48  Pylon  
  170  15:51  Observer  
  170  15:53  Pylon  
  171  15:57  Observer Gravitic Boosters  
  171  16:02  Probe, Carrier x3  
  171  16:03  Pylon  
  171  16:04  Probe x2, Photon Cannon  
  173  16:16  Probe  
  121  16:54  Zealot x3  
  101  18:02  Nexus, Dark Shrine  
  101  18:03  Dark Templar  
  101  18:04  Pylon  
  101  18:06  Dark Templar  
  101  18:09  Dark Templar x2  
  105  18:46  Nexus  
  99  19:27  High Templar x3  
Tags
 
Add a new tag
Caveats
  • Supply blocks, unpowered buildings, or Contaminate may cause inaccurate times.
  • Supply counts are checked every 10 seconds.